 Dungeon Crawl Stone Soup version 0.32-a0-886-g41c5271027 (webtiles) character file.

Game seed: 5630139976107998967

114 spaghetti the Chiller (level 4, -2/36 HPs)
             Began as a Naga Ice Elementalist on Apr 2, 2024.
             Slain by Terence
             ... wielding a +4 trident of freezing
              (11 damage)
             ... on level 3 of the Dungeon.
             The game lasted 00:03:01 (1636 turns).

spaghetti the Chiller (Naga Ice Elementalist)       Turns: 1636, Time: 00:03:01

Health: -2/36      AC:  3    Str: 10    XL:     4   Next: 98%
Magic:  5/7        EV:  8    Int: 18    God:
Gold:   151        SH:  0    Dex: 11    Spells: 0/7 levels left

rFire   . . .        c - +3 sling
rCold   . . .        (no shield)
rNeg    . . .        a - +0 robe
rPois   +            l - +0 helmet
rElec   .            (no cloak)
rCorr   .            (no gloves)
SInv    +            (no barding)
Will    .....        j - amulet of magic regeneration
Stlth   ++           (no ring)
HPRegen 0.26/turn    (no ring)
MPRegen 0.50/turn

%: no passive effects
@: freezing walls, very slow
A: AC +1, large, see invisible, deformed body, poison resistance, slowness 2,
spit poison 1, naga tail 1
a: Spit Poison


You were on level 3 of the Dungeon.
You visited 1 branch of the dungeon, and saw 3 of its levels.

You collected 151 gold pieces.

Inventory:

Hand Weapons
 c - a +3 sling (weapon)
Armour
 a - a +0 robe (worn)
 l - a +0 helmet (worn)
Jewellery
 j - an amulet of magic regeneration (around neck)
 k - a ring of willpower
Scrolls
 f - 2 scrolls of fear
 h - 2 scrolls of teleportation
Potions
 b - a potion of magic
 d - a potion of enlightenment {unknown}
 e - a potion of lignification {unknown}
 g - a potion of heal wounds {unknown}
 i - a potion of might {unknown}


   Skills:
 - Level 1.5 Dodging
 - Level 3.0 Stealth
 - Level 2.0 Spellcasting
 * Level 3.2 Summonings
 - Level 5.0 Ice Magic


You couldn't memorise any spells.
You knew the following spells:

 Your Spells              Type           Power      Damage    Failure   Level
a - Freeze                Ice            76%        1d8       2%          1
b - Summon Ice Beast      Ice/Summ       16%        N/A       10%         3
c - Frozen Ramparts       Ice            38%        1d6       7%          3

Your spell library contained the following spells:

 Spells                   Type           Power      Damage    Failure   Level
 Ozocubu's Armour         Ice            19%        N/A       7%          3


Dungeon Overview and Level Annotations

Branches:
Dungeon (3/15)

Altars:

Annotations:
D:3 Terence


Innate Abilities, Weirdness & Mutations

Your serpentine skin is tough. (AC +1)
You have supernaturally acute eyesight. (SInv)
Armour fits poorly on your strangely shaped body.
Your system is resistant to poisons. (rPois)
You cover ground very slowly.
You can spit poison.
You have a snake-like lower body.


Message History

Your Summonings skill increases to level 3!
Casting: Freeze (safe; 2% risk of failure)
Confirm with . or Enter, or press ? or * to list all spells.
Aiming: Freeze (safe; 2% risk of failure)
Press: ? - help, Shift-Dir - straight line, f - goblin
Aim: a goblin, wielding a +0 dagger You freeze the goblin.
The goblin is heavily wounded.
The wall freezes the kobold.
You kill the kobold!
Your ice beast hits Terence.
Your ice beast freezes Terence.
The wall freezes the goblin!
You kill the goblin!
Terence says, "Time to say good-bye..."
Terence closely misses you.
Unknown command.
Unknown command.
Unknown command.
Fire: c) +3 sling
Press: ? - help, Q - select action, (/) - cycle Shift-Dir - straight line, f - Terence
Aim: Terence, wielding a +4 trident of freezing and wearing a +0 scale mail (heavily wounded, ally target, 60% to hit)
You shoot a sling bullet.
The sling bullet hits Terence but does no damage.
Terence is heavily wounded.
Your ice beast barely misses Terence.
Terence barely misses you.
Your ice beast barely misses Terence.
Fire: c) +3 sling
Press: ? - help, Q - select action, (/) - cycle Shift-Dir - straight line, f/p - Terence
Aim: Terence, wielding a +4 trident of freezing and wearing a +0 scale mail (heavily wounded, ally target, 60% to hit)
You shoot a sling bullet. The sling bullet hits Terence!
Terence is almost dead.
Terence hits you from afar with a +4 trident of freezing!
* * * LOW HITPOINT WARNING * * *
Terence freezes you.
* * * LOW HITPOINT WARNING * * *
A bombardier beetle comes into view.
Your ice beast misses Terence.
Terence hits you from afar with a +4 trident of freezing!
You die...
Terence says, "Time to find some more victims."

#### ....<#### #######
........######.....######
........#................
#.......#.####.....######
..........# #.....#
........#.## #.....#
...........#########
.....Y@)@....#
....##.)##.### ........#
.# B....... .# ....?..##
#~ ....... ~ .......
...####


You could see Terence (ally target), a bombardier beetle and a friendly ice
beast (summoned).

Vanquished Creatures
  Jessica (D:3)
  3 adders (D:3)
  2 dart slugs
  4 bats
  4 endoplasms
  2 giant cockroaches
  6 goblins
  4 hobgoblins (D:1)
  2 kobolds
  3 quokkas
  6 ball pythons (D:1)
  2 frilled lizards
  5 rats
44 creatures vanquished.

Vanquished Creatures (collateral kills)
  An adder (D:3)
1 creature vanquished.

Grand Total: 45 creatures vanquished

Notes
Turn   | Place    | Note
-------+----------+-------------------------------------------
     0 | D:1      | spaghetti the Naga Ice Elementalist began the quest for the
                  | Orb.
     0 | D:1      | Reached XP level 1. HP: 15/15 MP: 3/3
   118 | D:1      | Reached XP level 2. HP: 22/22 MP: 5/5
   335 | D:1      | Reached XP level 3. HP: 22/28 MP: 3/6
   339 | D:1      | Learned a level 3 spell: Summon Ice Beast
   624 | D:2      | Reached skill level 5 in Ice Magic
   762 | D:2      | Reached skill level 1 in Summonings
  1527 | D:3      | Reached XP level 4. HP: 36/36 MP: 7/7
  1528 | D:3      | Noticed Jessica
  1534 | D:3      | Killed Jessica
  1539 | D:3      | Learned a level 3 spell: Frozen Ramparts
  1625 | D:3      | Noticed Terence
  1636 | D:3      | Slain by Terence

Illustrated notes

Levels and vault maps discovered:
D:1:      scummos_arrival_forest, layout_rooms, minmay_pentomino_o2
D:2:      layout_basic
D:3:      wander_river, layout_basic, mainiacjoe_overflow_surrounded_room,
          eat_drink_and_be_merry_uskayaw, grunt_ministairs_7, uniq_jessica,
          uniq_terence

Skill      XL: |  1  2  3  4 |
---------------+-------------+-----
Ice Magic      | 5 |  5.0
Summonings     | 1 3 |  3.2
Dodging        | |  1.5
Stealth        | |  3.0
Spellcasting   | |  2.0

Action                     |  1- 3 |  4- 6 || total
---------------------------+-------+-------++-------
   Fire: Sling             |   103 |    11 ||   114
   Cast: Freeze            |    13 |     4 ||    17
         Summon Ice Beast  |       |     2 ||     2
         Frozen Ramparts   |       |     2 ||     2
Ability: Spit Poison       |     2 |       ||     2
    Use: Scroll            |     7 |       ||     7
         Potion            |     1 |       ||     1
 Armour: Robe              |    40 |     8 ||    48
  Dodge: Dodged            |    40 |     7 ||    47

Table legend: (Time is in decaauts)
 A = Elapsed time spent in this place.
 B = Non-inter-level travel time spent in this place.
 C = Inter-level travel time spent in this place.
 D = Time resting spent in this place.
 E = Time spent auto-exploring this place.
 F = Levels seen in this place.
 G = Mean time per level.
                   A        B        C        D        E       F      G
               +--------+--------+--------+--------+--------+-----+--------+
         Total |   2157 |   2048 |    109 |     40 |   1657 |   3 |  719.0 |
       Dungeon |   2157 |   2048 |    109 |     40 |   1657 |   3 |  719.0 |
               +--------+--------+--------+--------+--------+-----+--------+

Top non-repeatable levels by time:
     D:2: 1196 daAuts
     D:1: 775 daAuts
     D:3: 184 daAuts
